 Dungeon Crawl Stone Soup version 0.22.0-60-ga52c2fcf6e (webtiles) character file.

309 Jannitor the Insei (level 6, -10/47 HPs)
             Began as a Barachi Transmuter on Sept 10, 2018.
             Was a Follower of Uskayaw.
             Mangled by an ice beast (11 damage)
             ... on level 5 of the Dungeon.
             The game lasted 00:06:33 (3682 turns).

Jannitor the Insei (Barachi Transmuter)             Turns: 3682, Time: 00:06:35

Health: -10/47     AC:  2    Str: 12    XL:     6   Next: 41%
Magic:  4/9        EV: 28    Int: 14    God:    Uskayaw [*.....]
Gold:   24         SH:  0    Dex: 23    Spells: 3/9 levels left

rFire    . . .     SeeInvis +     - Unarmed
rCold    . . .     Gourm    +   (shield currently unavailable)
rNeg     . . .     Faith    .   (armour currently unavailable)
rPois    x         Spirit   .   (helmet currently unavailable)
rElec    .         Reflect  .   (cloak currently unavailable)
rCorr    .         Harm     .   (gloves currently unavailable)
MR       .....                  (boots currently unavailable)
Stlth    +++.......             u - amulet of the gourmand
HPRegen  0.15/turn              v - ring of see invisible
MPRegen  0.11/turn              (no ring)

@: agile, spider-form
A: tiny, +LOS, swims
a: End Transformation, Stomp, Renounce Religion


You were on level 5 of the Dungeon.
You worshipped Uskayaw.
Uskayaw was noncommittal.
You were completely stuffed.
You were a venomous arachnid creature.
You visited 1 branch of the dungeon, and saw 5 of its levels.

You collected 132 gold pieces.
You spent 108 gold pieces at shops.

Inventory:

Missiles
 a - 82 arrows
Armour
 b - a +0 robe (melded)
Jewellery
 u - an amulet of the gourmand (around neck)
 v - a ring of see invisible (left front leg)
Scrolls
 c - a scroll of amnesia {unknown}
 e - 4 scrolls of teleportation
 f - 2 scrolls of remove curse
 g - a scroll of random uselessness
 k - a scroll of immolation {unknown}
 m - 2 scrolls of enchant armour {unknown}
 n - a scroll of enchant weapon {unknown}
 q - a scroll of fog {unknown}
 s - 2 scrolls of blinking {unknown}
Potions
 h - a potion of ambrosia
 j - a potion of heal wounds
 l - a potion of agility
 o - a potion of brilliance
 p - a potion of resistance
 t - 3 potions of curing
 w - a potion of invisibility {unknown}
Comestibles
 d - 7 rations
 i - 4 chunks of flesh


   Skills:
 + Level 3.6 Fighting
 + Level 3.9 Dodging
 + Level 4.6 Unarmed Combat
 - Level 2.1 Spellcasting
 + Level 3.8 Transmutations
 - Level 1.7 Poison Magic
 + Level 0.1 Invocations


You had 3 spell levels left.
You knew the following spells:

 Your Spells              Type           Power        Failure   Level  Hunger
a - Beastly Appendage     Tmut           ##....       14%         1    #......
b - Sticks to Snakes      Tmut           ##......     19%         2    ###....
c - Spider Form           Tmut/Pois      #.........   43%         3    ###....

Your spell library contained the following spells:

 Spells                   Type           Power        Failure   Level  Hunger
 Ice Form                 Ice/Tmut       #.......     87%         4    #####..
 Blade Hands              Tmut           ##........   91%         5    ######.


Dungeon Overview and Level Annotations

Branches:
Dungeon (5/15)
 Temple: D:4-7

Altars:
Fedhas
Nemelex Xobeh
Uskayaw

Shops:
D:4 :!}


Innate Abilities, Weirdness & Mutations

Shadows flee at your approach. (+LOS)
You can swim through water.
((You cover ground slowly.))
((You can hop short distances.))


Message History

The ice beast is heavily wounded.
The ice beast hits you. The ice beast freezes you.
You aren't carrying any items that you can evoke.
Unknown command.
Unknown command.
You feel agile all of a sudden. The ice beast closely misses you.
You hit the ice beast but do no damage.
The ice beast is heavily wounded.
The ice beast hits you. The ice beast freezes you!
* * * LOW HITPOINT WARNING * * *
Unknown command.
You stomp with the beat, sending a shockwave through the revelers around you!
The ice beast is severely wounded.
You feel somewhat less full.
You can no longer pass through a line of other dancers.
The ice beast hits you.
* * * LOW HITPOINT WARNING * * *
The ice beast freezes you!
You die...

## #### #.# #..
..# ##.#####.# #.#
#....>...###.# ##
#......$....##
##.#
#.######Y##..##
##.# #s##.#.###..#
#.##.##.#.#.#
#.##.###.##.###
#.##.# #......#
#.##..##......####
#.###.............
..##...#......###.
#.##...#......# #.
.............## #.


You could see an ice beast.

Vanquished Creatures
  Blork the orc (D:4)
  2 hounds (D:5)
  An iguana (D:4)
  A worker ant (D:5)
  A gnoll (D:4)
  5 adders
  An ooze (D:2)
  2 worms
  A dart slug (D:2)
  4 leopard geckos
  2 orcs
  A ball python (D:1)
  7 bats
  3 giant cockroaches
  3 goblins
  6 hobgoblins
  8 jackals
  4 kobolds
  4 quokkas
  4 frilled lizards
  7 rats
68 creatures vanquished.

Vanquished Creatures (collateral kills)
  A bat (D:3)
1 creature vanquished.

Grand Total: 69 creatures vanquished

Notes
Turn   | Place    | Note
-------+----------+-------------------------------------------
     0 | D:1      | Jannitor the Barachi Transmuter began the quest for the
                  | Orb.
     0 | D:1      | Reached XP level 1. HP: 15/15 MP: 3/3
   410 | D:1      | Reached XP level 2. HP: 19/21 MP: 3/5
   886 | D:2      | Reached XP level 3. HP: 27/27 MP: 6/6
   939 | D:2      | Learned a level 2 spell: Sticks to Snakes
  1157 | D:2      | Found a blossoming altar of Fedhas.
  1285 | D:2      | Reached XP level 4. HP: 28/34 MP: 5/7
  2027 | D:2      | Found a hide-covered altar of Uskayaw.
  2247 | D:2      | Became a worshipper of Uskayaw the Reveler
  2299 | D:3      | Reached skill level 4 in Unarmed Combat
  2305 | D:3      | Reached * piety under Uskayaw
  2422 | D:3      | Learned a level 3 spell: Spider Form
  2436 | D:3      | Reached ** piety under Uskayaw
  2448 | D:3      | Reached *** piety under Uskayaw
  2612 | D:3      | Found a sparkling altar of Nemelex Xobeh.
  2878 | D:4      | Found Dehelasm's Gadget Boutique.
  2878 | D:4      | Found Ufevasao's Distillery.
  2891 | D:4      | Reached XP level 5. HP: 33/40 MP: 8/8
  2953 | D:4      | Found Vomeazar's Book Boutique.
  2956 | D:4      | Bought a potion of heal wounds for 60 gold pieces
  2956 | D:4      | Bought a potion of agility for 48 gold pieces
  2958 | D:4      | Found Kyzipn's Distillery.
  3270 | D:4      | Noticed Blork the orc
  3281 | D:4      | Killed Blork the orc
  3281 | D:4      | Reached skill level 1 in Poison Magic
  3507 | D:5      | Entered Level 5 of the Dungeon
  3515 | D:5      | Reached XP level 6. HP: 40/47 MP: 2/9
  3668 | D:5      | Noticed an ice beast
  3682 | D:5      | HP: 1/47 [ice beast (3)]
  3682 | D:5      | Mangled by an ice beast

Skill      XL: |  1  2  3  4  5 |
---------------+----------------+-----
Fighting       | 2 3 |  3.6
Dodging        | 3 |  3.9
Transmutations | 3 |  3.8
Unarmed Combat | 4 |  4.6
Poison Magic   | 1 |  1.7
Spellcasting   | |  2.1
Invocations    | |  0.1

Action                   |  1- 3 |  4- 6 || total
-------------------------+-------+-------++-------
Melee: Unarmed           |   106 |   156 ||   262
       Punch             |     1 |     3 ||     4
       Headbutt          |     4 |     8 ||    12
       Kick              |     4 |    10 ||    14
 Cast: Beastly Appendage |     9 |    13 ||    22
       Sticks to Snakes  |     1 |     4 ||     5
       Spider Form       |       |     4 ||     4
Invok: Stomp             |       |     1 ||     1
 Abil: Hop               |       |     1 ||     1
  Use: Scroll            |       |     7 ||     7
       Potion            |       |     4 ||     4
 Stab: Sleeping          |     2 |       ||     2
       Paralysed         |       |     1 ||     1
  Eat: Chunk             |     2 |    27 ||    29
Armor: Robe              |    22 |    21 ||    43
Dodge: Dodged            |    67 |   112 ||   179
